 Dungeon Crawl Stone Soup version 0.18.1-50-g88ac8fd (console) character file.

14 Kloppie the Sneak (level 2, 0/15 HPs)
             Began as a Kobold Enchanter on Sept 21, 2016.
             Slain by a hobgoblin (2 damage)
             ... on level 1 of the Dungeon.
             The game lasted 00:01:10 (393 turns).

Kloppie the Sneak (Kobold Enchanter)                 Turns: 393, Time: 00:01:10

Health: 0/15       AC:  3    Str:  6    XL:     2   Next: 55%
Magic:  0/5        EV: 15    Int: 13    God:
Gold:   28         SH:  0    Dex: 16    Spells: 2 memorised, 2 levels left

rFire  . . .     SeeInvis .     a - +1 dagger
rCold  . . .     Gourm    .     b - +1 robe
rNeg   . . .     Faith    .     (shield restricted)
rPois  .         Spirit   .     (no helmet)
rElec  .         Dismiss  .     (no cloak)
rCorr  .         Reflect  .     (no gloves)
SustAt .         Harm     .     (no boots)
MR     .....                    (no amulet)
Stlth  +++.......               (no ring)
                                (no ring)

@: very slightly contaminated, not resistant to hostile enchantments, fairly
stealthy
A: carnivore 3
a: no special abilities


You were on level 1 of the Dungeon.
You were very full.

You visited 1 branch of the dungeon, and saw 1 of its levels.

You collected 28 gold pieces.

Inventory:

Hand Weapons
 a - a +1 dagger (weapon)
Armour
 b - a +1 robe (worn)
Jewellery
 g - a cursed +3 ring of dexterity {unknown}
Potions
 e - 2 potions of heal wounds {unknown}
 f - a potion of lignification {unknown}
 h - a potion of invisibility {unknown}
Books
 c - a book of Maledictions

   Spells                             Type                      Level
   a - Corona                         Hexes                        1
   b - Ensorcelled Hibernation        Hexes/Ice                    2
   c - Confuse                        Hexes                        3
   d - Tukima's Dance                 Hexes                        3
   e - Dazzling Spray                 Conjuration/Hexes            3
Comestibles
 d - 3 meat rations


   Skills:
 + Level 2.1 Short Blades
 - Level 2.4 Dodging
 + Level 4.5 Stealth
 - Level 2.0 Spellcasting
 + Level 3.1 Hexes


You had 2 spell levels left.
You knew the following spells:

 Your Spells              Type           Power        Failure   Level  Hunger
a - Corona                Hex            #......      10%         1    ##.....
b - Ensorcelled Hibernat  Hex/Ice        #.....       21%         2    ###....


Dungeon Overview and Level Annotations

Branches:
Dungeon (1/15)

Altars:


Innate Abilities, Weirdness & Mutations

You are small and have problems with some larger weapons.
You are carnivorous and can eat meat at any time.


Message History

* * * LOW HITPOINT WARNING * * *
Casting: Corona
Confirm with . or Enter, or press ? or * to list all spells.
Aiming: Ensorcelled Hibernation
Press: ? - help, Shift-Dir - straight line, f/p - hobgoblin
Aim: a hobgoblin, wielding a club (almost dead, chance to defeat MR: 77%)
The hobgoblin looks drowsy...
The helpless hobgoblin fails to defend itself.
You impale the hobgoblin!!
You kill the hobgoblin!
Casting: Ensorcelled Hibernation
Confirm with . or Enter, or press ? or * to list all spells.
Aiming: Ensorcelled Hibernation
Press: ? - help, Shift-Dir - straight line, f - hobgoblin
Aim: a hobgoblin (chance to defeat MR: 77%)
You miscast Ensorcelled Hibernation.
You are very lightly contaminated with residual magic.
You hear a crackling sound.
The hobgoblin hits you.
You die...

...................#
#################.##
# #.# # #(# # #.# #
#.# # #.# #####)#
#.Sg@.# #.##### #.#
.......S.......
........#######
#########


You could see a hobgoblin and a ball python.

Vanquished Creatures
  2 giant geckos (D:1)
  2 bats (D:1)
  2 hobgoblins (D:1)
  6 giant newts (D:1)
  A kobold (D:1)
13 creatures vanquished.

Notes
Turn   | Place    | Note
--------------------------------------------------------------
     0 | D:1      | Kloppie the Kobold Enchanter began the quest for the Orb.
     0 | D:1      | Reached XP level 1. HP: 10/10 MP: 3/3
     2 | D:1      | Noticed an elf
     2 | D:1      | Noticed a human
     4 | D:1      | Noticed a troll
     4 | D:1      | Noticed a draconian
     6 | D:1      | Noticed a demigod
     8 | D:1      | Noticed a minotaur
     8 | D:1      | Noticed a demonspawn
    10 | D:1      | Noticed a merfolk
    12 | D:1      | Noticed a dwarf
    12 | D:1      | Noticed an ogre
    14 | D:1      | Noticed a vine stalker
    14 | D:1      | Noticed a centaur
    16 | D:1      | Noticed a felid
    18 | D:1      | Noticed a naga
    20 | D:1      | Noticed a gargoyle
    20 | D:1      | Noticed an octopode
    22 | D:1      | Noticed a vampire
    22 | D:1      | Noticed a ghoul
    24 | D:1      | Noticed a halfling
    24 | D:1      | Noticed a tengu
    26 | D:1      | Noticed a spriggan
    26 | D:1      | Noticed a formicid
   183 | D:1      | Reached XP level 2. HP: 14/15 MP: 5/5
   343 | D:1      | Learned a level 2 spell: Ensorcelled Hibernation
   393 | D:1      | Slain by a hobgoblin

Skill      XL: |  1  2 |
---------------+-------+-----
Short Blades   | 2 |  2.1
Dodging        | |  2.4
Stealth        | |  4.5
Spellcasting   | |  2.0
Hexes          | |  3.1

Action                   || total
-------------------------++-------
Melee: Dagger            ||    49
 Cast: Ensorcelled Hiber ||     1
       Corona            ||     1
 Stab: Sleeping          ||     4
  Eat: Chunk             ||     6
Armor: Robe              ||     7
Dodge: Dodged            ||    37
